 Dungeon Crawl Stone Soup version 0.27-a0-1206-g6342a01c75 (webtiles) character file.

Game seed: 2776052620711345553

1475 Delamore the Spear-Bearer (level 9, -5/68 HPs)
             Began as a Formicid Fighter on June 5, 2021.
             Was an Initiate of Gozag.
             Slain by an ogre
             ... wielding a +0 giant spiked club
              (19 damage)
             ... on level 7 of the Dungeon.
             The game lasted 00:06:50 (5290 turns).

Delamore the Spear-Bearer (Formicid Fighter)        Turns: 5290, Time: 00:06:51

Health: -5/68      AC: 10    Str: 24    XL:     9   Next: 6%
Magic:  9/9        EV:  8    Int:  8    God:    Gozag
Gold:   477        SH: 15    Dex: 10    Spells: 8/8 levels left

rFire    . . .     SeeInvis +   a - +1 trident (venom)
rCold    . . .     Faith    .   c - +1 kite shield
rNeg     . . .     Spirit   .   b - +0 scale mail
rPois    .         Reflect  +   (helmet unavailable)
rElec    .         Harm     .   t - +0 cloak
rCorr    .         Rampage  .   l - +0 pair of gloves
Will     .....                  s - +0 pair of boots
Stlth    ..........             i - amulet of reflection
HPRegen  0.21/turn              (no ring)
MPRegen  0.11/turn              (no ring)

@: gold aura
A: permanent stasis, dig shafts and tunnels, antennae 3, four strong arms
a: Dig, Shaft Self, Renounce Religion, Potion Petition, Call Merchant, Bribe
Branch


You were on level 7 of the Dungeon.
You worshipped Gozag.
Gozag was aware of your devotion.
You visited 2 branches of the dungeon, and saw 8 of its levels.

You collected 586 gold pieces.
You paid 109 gold pieces to Gozag.

Inventory:

Hand Weapons
 a - a +1 trident of venom (weapon)
Missiles
 g - 4 boomerangs (quivered)
Armour
 b - a +0 scale mail (worn)
 c - a +1 kite shield (worn)
 l - a +0 pair of gloves (worn)
 s - a +0 pair of boots (worn)
 t - a +0 cloak (worn)
Jewellery
 i - an amulet of reflection (around neck)
Wands
 n - a wand of flame (12)
 r - a wand of iceblast (7)
Scrolls
 f - a scroll of fog
 m - 2 scrolls of enchant weapon
 u - a scroll of identify
Potions
 d - a potion of might
 e - 2 potions of degeneration
 h - 3 potions of haste
 j - a potion of flight {unknown}
 o - a potion of resistance
 p - a potion of brilliance
 q - a potion of attraction {unknown}


   Skills:
 - Level 5.0 Fighting
 * Level 10.2 Polearms
 - Level 3.2 Armour
 - Level 3.6 Shields


You had 8 spell levels left.
You didn't know any spells.
Your spell library contained the following spells:

 Spells                   Type           Power      Damage    Failure   Level
 Animate Skeleton         Necr           0%         N/A       98%         1
 Apportation              Tloc           0%         N/A       98%         1
 Corona                   Hex            0%         N/A       98%         1
 Foxfire                  Conj/Fire      0%         2x1d4     98%         1
 Freeze                   Ice            0%         1d3       98%         1
 Shock                    Conj/Air       0%         1d3       98%         1
 Summon Small Mammal      Summ           0%         N/A       98%         1
 Slow                     Hex            0%         N/A       99%         2
 Static Discharge         Conj/Air       0%         N/A       99%         2
 Conjure Flame            Conj/Fire      0%         6-21      100%        3
 Frozen Ramparts          Ice            0%         1d2       100%        3
 Inner Flame              Hex/Fire       0%         N/A       100%        3
 Ozocubu's Armour         Ice            0%         N/A       100%        3
 Portal Projectile        Hex/Tloc       0%         N/A       100%        3
 Airstrike                Air            0%         N/A       100%        4
 Cause Fear               Hex            0%         N/A       100%        4
 Hailstorm                Conj/Ice       0%         3d3       100%        4
 Leda's Liquefaction      Hex/Erth       0%         N/A       100%        4
 Sticky Flame             Conj/Fire      0%         2d3       100%        4
 Fireball                 Conj/Fire      0%         3d3       100%        5
 Lightning Bolt           Conj/Air       0%         1d11      100%        5
 Metabolic Englaciation   Hex/Ice        0%         N/A       100%        5
 Swiftness                Air            Unusable   N/A       N/A         3

Dungeon Overview and Level Annotations

Branches:
Dungeon (7/15)             Temple (1/1) D:4

Altars:
Elyvilon
Gozag
Nemelex Xobeh
Qazlal
Vehumet
Yredelemnul
Zin

Shops:
D:2 *

Annotations:
D:3 Morbidden's ghost, amateur DgFi


Innate Abilities, Weirdness & Mutations

You cannot be hasted, slowed, berserked, paralysed or teleported.
You can dig through walls and to a lower floor.
You have a pair of large antennae on your head. (SInv)
Your four strong arms can wield two-handed weapons with a shield.


Message History

The steam dragon looks as sick as possible!
The steam dragon is heavily wounded.
The steam dragon breathes steam at you. The ball of steam hits you!!
* * * LOW HITPOINT WARNING * * *
You completely miss the steam dragon.
The steam dragon is heavily wounded.
You are engulfed in a cloud of scalding steam.
* * * LOW HITPOINT WARNING * * *
The steam dragon bites you.
* * * LOW HITPOINT WARNING * * *
The steam dragon claws you but does no damage.
You feel much better.
You are engulfed in a cloud of scalding steam.
* * * LOW HITPOINT WARNING * * *
The steam dragon bites you but does no damage.
The steam dragon claws you but does no damage.
The steam dragon breathes steam at you. The ball of steam hits you!
* * * LOW HITPOINT WARNING * * *
Reach: a) +1 trident (venom)
Press: ? - help, Dir - move target, f/p - steam dragon
Aim: a steam dragon (steam, almost dead, extremely poisoned, catching its breath, about 37% to evade your +1 trident of venom)
You reach to attack!
You hit the steam dragon but do no damage.
The steam dragon looks as sick as possible!
The steam dragon is almost dead.
You are engulfed in a cloud of scalding steam.
* * * LOW HITPOINT WARNING * * *
You kill the steam dragon!
Your Polearms skill increases to level 10!
You have reached level 9!
Your experience leads to an increase in your attributes!
Increase (S)trength, (I)ntelligence, or (D)exterity?
You feel stronger.
You see here 12 stones.
You feel much better.
The ogre hits you with a +0 giant spiked club!!
You die...
Your body crumbles into a pile of gold.

##......## ##........##.
#........... ###..........#
............#### $
#.............. ### #...........#
.#######.. ##..@......#
.......#.# #...O......##
.........# ##...........####
........# #...............#####
.....$.#####........).)###..)..##
###.................)))# #####...
#..[.....$..#........## ###.
.............$.........## #.
#.............########>.# #.


You could see an ogre.

Vanquished Creatures
  A steam dragon (D:7)
  A black bear (D:6)
  5 ogres
  A kobold brigand (D:7)
  2 bullfrogs
  A water moccasin zombie (D:6)
  3 hounds
  A jelly (D:6)
  A centaur skeleton (D:5)
  2 orc priests (D:5)
  3 bullfrog skeletons
  Jessica (D:3)
  2 iguanas
  A killer bee zombie (D:5)
  A hound skeleton (D:4)
  A howler monkey zombie (D:6)
  2 howler monkey skeletons
  4 adders
  A white imp (D:6)
  An ufetubus (D:7)
  2 worms
  6 dart slugs
  7 orcs
  6 endoplasms
  3 giant cockroaches
  3 goblins
  8 hobgoblins
  A jackal (D:3)
  16 kobolds
  8 quokkas
  5 ball pythons
  8 bats
  3 frilled lizards
  6 rats
117 creatures vanquished.

Notes
Turn   | Place    | Note
-------+----------+-------------------------------------------
     0 | D:1      | Delamore the Formicid Fighter began the quest for the Orb.
     0 | D:1      | Reached XP level 1. HP: 18/18 MP: 1/1
   292 | D:1      | Reached XP level 2. HP: 24/24 MP: 2/2
   420 | D:1      | Reached XP level 3. HP: 28/30 MP: 3/3
   431 | D:1      | Reached skill level 3 in Polearms
   904 | D:2      | Reached XP level 4. HP: 19/37 MP: 4/4
  1147 | D:2      | Reached skill level 4 in Polearms
  1256 | D:2      | Reached XP level 5. HP: 42/42 MP: 5/5
  1336 | D:2      | Found Sonezus's General Store.
  1628 | D:3      | Noticed an ogre
  1656 | D:2      | Killed an ogre
  1657 | D:2      | Reached XP level 6. HP: 49/49 MP: 6/6
  1952 | D:3      | Noticed Jessica
  1958 | D:3      | Reached skill level 5 in Polearms
  1960 | D:3      | Killed Jessica
  2024 | D:3      | Found a radiant altar of Vehumet.
  2261 | D:3      | Found a runed translucent gate.
  2261 | D:3      | Found a runed translucent gate.
  2261 | D:3      | Found a runed translucent gate.
  2265 | D:3      | Noticed Morbidden's ghost (amateur DgFi)
  2352 | D:3      | You fall into a shaft and drop 2 floors!
  2352 | D:5      | Entered Level 5 of the Dungeon
  2382 | D:5      | Reached skill level 5 in Fighting
  2838 | D:5      | Reached skill level 6 in Polearms
  2838 | D:5      | Reached XP level 7. HP: 56/56 MP: 7/7
  2863 | D:5      | Found a stormy altar of Qazlal.
  2868 | D:5      | Found a sparkling altar of Nemelex Xobeh.
  3471 | D:4      | Found a staircase to the Ecumenical Temple.
  3474 | Temple   | Entered the Ecumenical Temple
  3535 | Temple   | Became a worshipper of Gozag Ym Sagoz the Greedy
  3581 | Temple   | Reached skill level 7 in Polearms
  3960 | D:4      | Reached XP level 8. HP: 10/62 MP: 8/8
  4294 | D:4      | Reached skill level 8 in Polearms
  4829 | D:6      | Reached skill level 9 in Polearms
  5280 | D:7      | HP: 2/62 [steam dragon (4)]
  5284 | D:7      | Reached skill level 10 in Polearms
  5284 | D:7      | Reached XP level 9. HP: 2/68 MP: 9/9
  5290 | D:7      | Slain by an ogre

Illustrated notes

Levels and vault maps discovered:
D:1:      onia_arrival_mini_spirals, layout_loops_ring
D:2:      layout_basic, serial_shops, nicolae_shop_statue_plus, serial_glass,
          glass_columns_a, glass_columns_a, glass_columns_a, glass_columns_b,
          glass_columns_c, glass_columns_b, minmay_strange_pillars,
          minmay_strange_pillars, item_on_display_a, due_unseen_surprise,
          uniq_sigmund
D:3:      layout_basic, lemuel_crystal_altar, gammafunk_ghost_split,
          hangedman_glass_garden, uniq_jessica
D:4:      layout_rooms, minmay_temple_entry_glass
D:5:      layout_loops_ring, nicolae_overflow_hidden_temple, kennysheep_doodads
D:6:      layout_rooms
D:7:      layout_rooms, minmay_bent
Temple:   dpeg_five_rooms_temple

Skill      XL: |  1  2  3  4  5  6  7  8 |
---------------+-------------------------+-----
Polearms       | 3 4 6 7 10 | 10.2
Fighting       | 4 5 |  5.0
Armour         | |  3.2
Shields        | |  3.6

Action                   |  1- 3 |  4- 6 |  7- 9 || total
-------------------------+-------+-------+-------++-------
Melee: Trident           |   105 |   125 |   178 ||   408
Throw: Boomerang         |       |     1 |     3 ||     4
 Abil: Dig               |       |     4 |     1 ||     5
       Shaft Self        |       |     1 |       ||     1
  Use: Scroll            |     2 |     7 |     6 ||    15
       Potion            |       |     2 |     3 ||     5
Armor: Scale mail        |    29 |    26 |    66 ||   121
Dodge: Dodged            |    33 |    19 |    49 ||   101
Block: Kite shield       |    56 |    69 |   150 ||   275
       Reflection        |       |     1 |     5 ||     6

Table legend: (Time is in decaauts)
 A = Elapsed time spent in this place.
 B = Non-inter-level travel time spent in this place.
 C = Inter-level travel time spent in this place.
 D = Time resting spent in this place.
 E = Time spent auto-exploring this place.
 F = Levels seen in this place.
 G = Mean time per level.
                   A        B        C        D        E       F      G
               +--------+--------+--------+--------+--------+-----+--------+
         Total |   5375 |   5173 |    202 |    764 |   3373 |   8 |  671.9 |
       Dungeon |   5043 |   4869 |    174 |    547 |   3328 |   7 |  720.4 |
        Temple |    331 |    303 |     28 |    217 |     45 |   1 |  331.0 |
               +--------+--------+--------+--------+--------+-----+--------+

Top non-repeatable levels by time:
     D:5: 994 daAuts
     D:1: 897 daAuts
     D:4: 793 daAuts
     D:2: 759 daAuts
     D:3: 755 daAuts
     D:6: 663 daAuts
  Temple: 331 daAuts
     D:7: 179 daAuts
